 Dungeon Crawl Stone Soup version 0.32-a0-705-g60f233581c (webtiles) character file.

Game seed: 11540519841173305684

131292 adelrune the Bringer of Blasphemy (level 16, -2/127 HPs)
             Began as a Demonspawn Fighter on Mar 13, 2024.
             Was the Champion of Yredelemnul.
             Killed from afar by a spark wasp (12 damage)
             ... with a living lightning
             ... on level 3 of the Spider Nest on Mar 14, 2024.
             The game lasted 01:35:44 (27779 turns).

adelrune the Bringer of Blasphemy (DsFi)           Turns: 27779, Time: 01:35:45

Health: -2/127     AC: 35    Str: 25    XL:     16   Next: 54%
Magic:  11/27      EV:  6    Int: 13    God:    Yredelemnul [******]
Gold:   1861       SH: 13    Dex: 13    Spells: 15/15 levels left

rFire   . . .        K - +10 morningstar "Utzycues" {speed, Int+5}
rCold   . . .        k - +2 buckler {AC+3}
rNeg    . . .        Y - +1 crystal plate armour
rPois   +            (helmet restricted)
rElec   .            x - +2 cloak {rPois}
rCorr   +            A - +2 pair of gloves
SInv    .            D - +1 pair of boots
Will    +++++        y - amulet of reflection Stlth
                     I - ring of willpower
HPRegen 0.41/turn    U - ring "Dyxang" {Will++ rCorr}
MPRegen 0.20/turn

%: reflection
@: contaminated, glowing
A: horns 2, ignite blood 1, spiny 2, sturdy frame 2, strong-willed 1
a: Renounce Religion, Light the Black Torch, Recall Undead Harvest, Hurl
Torchlight, Bind Soul, Fathomless Shackles


You were on level 3 of the Spider Nest.
You worshipped Yredelemnul.
Yredelemnul was pleased with you.
You visited 5 branches of the dungeon, and saw 26 of its levels.

You collected 2446 gold pieces.
You spent 585 gold pieces at shops.

Inventory:

Hand Weapons
 w - a +1 eveningstar of pain
 K - the +10 morningstar "Utzycues" (weapon) {speed, Int+5}
   (You found it on level 7 of the Dungeon)

   Int+5:     It affects your intelligence (+5).
Missiles
 f - 18 boomerangs
 h - 17 javelins
 N - 10 curare-tipped darts (quivered)
 P - 3 throwing nets
Armour
 k - a +2 buckler of protection (worn)
 x - a +2 cloak of poison resistance (worn)
 A - a +2 pair of gloves (worn)
 D - a +1 pair of boots (worn)
 Y - a +1 crystal plate armour (worn)
Jewellery
 y - an amulet of reflection (around neck)
 I - a ring of willpower (left hand)
 S - an amulet of faith
 U - the ring "Dyxang" (right hand) {Will++ rCorr}
   (You took it off a centaur on level 9 of the Dungeon)

   [ring of resist corrosion]

   Will++:    It greatly increases your willpower.
   rCorr:     It protects you from acid and corrosion.
Wands
 F - a wand of flame (44)
 G - a wand of paralysis (28)
 L - a wand of mindburst (2)
 Q - a wand of polymorph (9)
 T - a wand of iceblast (7)
 X - a wand of acid (1)
Scrolls
 a - a scroll of vulnerability
 g - 2 scrolls of butterflies
 j - 4 scrolls of amnesia
 l - 2 scrolls of brand weapon
 s - a scroll of revelation
 t - 2 scrolls of noise
 u - 6 scrolls of identify
 z - 7 scrolls of enchant weapon
 B - a scroll of blinking
 E - 5 scrolls of poison
 J - 7 scrolls of teleportation
 M - 2 scrolls of fog
 V - 3 scrolls of fear
 W - 3 scrolls of immolation
Potions
 b - a potion of enlightenment
 c - 5 potions of brilliance
 d - 3 potions of might
 e - 4 potions of cancellation
 i - a potion of berserk rage
 m - 10 potions of curing
 o - 5 potions of attraction
 p - 4 potions of haste
 q - 4 potions of degeneration
 r - 2 potions of ambrosia
 v - 7 potions of mutation
 C - 7 potions of heal wounds
 H - a potion of lignification
 O - 3 potions of magic
 R - 4 potions of resistance
Miscellaneous
 n - a phial of floods


   Skills:
 + Level 12.0 Fighting
 - Level 10.4(13.9) Axes
 - Level 14.7(16.0) Maces & Flails
 - Level 2.3 Throwing
 * Level 11.7 Armour
 + Level 10.8 Shields
 + Level 15.0 Invocations
 + Level 5.1 Evocations


You had 15 spell levels left.
You didn't know any spells.
Your spell library contained the following spells:

 Spells                   Type           Power      Damage    Failure   Level
 Foxfire                  Conj/Fire      0%         2x1d4     99%         1
 Freeze                   Ice            0%         1d3       99%         1
 Magic Dart               Conj           0%         1d3       99%         1
 Sandblast                Erth           0%         2d4       99%         1
 Shock                    Conj/Air       0%         1d3       99%         1
 Sting                    Conj/Alch      0%         1d3       99%         1
 Blink                    Tloc           0%         N/A       99%         2
 Call Imp                 Summ           0%         N/A       99%         2
 Ensorcelled Hibernation  Hex/Ice        0%         N/A       99%         2
 Mercury Vapours          Alch/Air       0%         N/A       99%         2
 Sublimation of Blood     Necr           0%         N/A       99%         2
 Frozen Ramparts          Ice            0%         1d1       100%        3
 Hailstorm                Conj/Ice       0%         3d5       100%        3
 Ozocubu's Armour         Ice            0%         N/A       100%        3
 Passwall                 Erth           0%         N/A       100%        3
 Stone Arrow              Conj/Erth      0%         3d7       100%        3
 Swiftness                Air            0%         N/A       100%        3
 Tukima's Dance           Hex            0%         N/A       100%        3
 Volatile Blastmotes      Fire/Tloc      0%         2d10      100%        3
 Airstrike                Air            0%         2d(0-16)  100%        4
 Brom's Barrelling Bould  Conj/Erth      0%         2d3       100%        4
 Olgreb's Toxic Radiance  Alch           0%         N/A       100%        4
 Passage of Golubria      Tloc           0%         N/A       100%        4
 Metabolic Englaciation   Hex/Ice        0%         N/A       100%        5
 Yara's Violent Unravell  Hex/Alch       0%         3d3       100%        5
 Bombard                  Conj/Erth      0%         9d1       100%        6
 Permafrost Eruption      Ice/Erth       0%         2x4d2     100%        6
 Plasma Beam              Fire/Air       0%         2x1d10    100%        6
 Starburst                Conj/Fire      0%         6d3       100%        6
 Summon Hydra             Summ           0%         N/A       100%        7


Dungeon Overview and Level Annotations

Branches:
Dungeon (15/15)            Temple (1/1) D:7            Lair (5/5) D:11
 Shoals (0/4) Lair:3       Spider (3/4) Lair:3        Slime (0/5) Lair:4
    Orc (2/2) D:12            Elf (0/3) Orc:2        Vaults (0/5) D:13
 Depths (0/4) D:15

Altars:
Ashenzari
Cheibriados
Dithmenos
Fedhas
Gozag
Hepliaklqana
Kikubaaqudgha
Makhleb
Nemelex Xobeh
Okawaru
Qazlal
Ru
Sif Muna
Trog
Uskayaw
Vehumet
Wu Jian
Xom
Yredelemnul
Beogh
Jiyva

Shops:
D:11 (   D:14 [   Orc:2 [(![[

Annotations:
D:5 1 runed translucent door, Crazy Yiuf
D:9 1 runed translucent door


Innate Abilities, Weirdness & Mutations

You have a pair of horns on your head.
Your demonic aura sometimes causes spilled blood to erupt in flames.
You are mostly covered in sharp spines.
Your movements are less encumbered by armour. (ER -4)
You are strong-willed. (Will+)


Message History

The entropic weave corrodes your bound rakshasa!
The orb spider spins a strand of pure energy.
Your redback zombie bites the orb spider!
The boulder beetle hits your redback zombie!
Your redback zombie is destroyed!
The boulder beetle stops rolling and uncurls.
Something stings your jumping spider zombie.
Something shocks your jumping spider zombie!
Your redback zombie bites the orb spider!
Something hits your bound rakshasa! Something misses your bound rakshasa.
Your culicivora zombie bites the orb spider.
Your redback zombie bites the orb spider!
Something hits your redback zombie!!
Your redback zombie is destroyed!
Your redback zombie shimmers and vanishes!
Something stings your jumping spider zombie.
Something shocks your jumping spider zombie!
The redback bites your redback zombie.
Your bound rakshasa hits the wolf spider with a +0 long sword!!
Something barely misses your jumping spider zombie.
Your orb spider zombie bites the redback.
Your redback zombie bites the redback!
Something hits your culicivora zombie!! Something bites your culicivora zombie.
Your boulder beetle zombie no longer looks unusually strong.
The redback barely misses your orb spider zombie.
Your jumping spider zombie closely misses the redback.
Your jumping spider zombie bites the redback.
The wolf spider hits your orb spider zombie.
The wolf spider bites your orb spider zombie!
Your orb spider zombie is destroyed!
Your orb spider zombie shimmers and vanishes!
A wolf spider comes into view.
Your redback zombie bites the redback.
The spark wasp bursts into living lightning!
The living lightning hits your bound rakshasa!!
The living lightning hits your redback zombie!
The living lightning hits your orb spider zombie!!
The living lightning hits you!
You die...
Your body rises from the dead as a mindless zombie.

#^.#.....#....#....<.....# ..
#........#..............##
...#................?..^..^#
###.##..................#####
....##...^.......#......#
#...####...##...#......#
..##..Z..#.........########
..#^.............###
.....##.....^###@# ....^
#....#.....#
.....###...#.....#
##......B.s.Z...##
.....ZZ...sZZs###
....s....ZZZ.........
.s....^..yZ..........
###....#..#......^...
.......y..#..#....#..


You could see a spark wasp (ally target), 2 wolf spiders, a redback
(distracted), a friendly bound rakshasa (strong, corroded), a friendly boulder
beetle zombie, a friendly jumping spider zombie, a friendly orb spider zombie, a
friendly redback zombie, a friendly entropy weaver zombie and a friendly
culicivora zombie.

Vanquished Creatures
  Jorgrun (Orc:2)
  Frances (D:12)
  A storm dragon (D:13)
  Agnes (Spider:1)
  A ghost moth (Spider:3)
  Josephine (D:13)
  A fire dragon (D:13)
  2 entropy weavers
  4 hydras
  6 centaur warriors
  6 two-headed ogres
  A dancing weapon (D:9)
  2 boulder beetles
  Erica (D:8)
  2 jorogumos (Spider:1)
  6 demonic crawlers
  A tengu warrior (D:15)
  4 orc high priests (Orc:2)
  Urug (D:12)
  A shock serpent (shapeshifter) (D:13)
  2 skysharks
  A shadow wraith (D:13)
  A sea snake (Lair:5)
  Lodul (D:11)
  2 orb spiders
  An orb spider (shapeshifter) (D:13)
  A wolf spider zombie (Spider:1)
  A harpy (D:8)
  4 orc knights (Orc:2)
  26 ugly things
  A necromancer (D:15)
  A deep elf pyromancer (D:12)
  A phantasmal warrior (D:13)
  6 wolf spiders
  4 manticores
  3 orc sorcerers
  6 cyclopes
  5 meliai
  An elephant (Lair:5)
  A kobold blastminer (Orc:1)
  A torpor snail (Spider:2)
  2 centaur skeletons (D:15)
  5 black mambas
  A black mamba (shapeshifter) (D:13)
  Jeremiah (D:6)
  A gargoyle (D:12)
  8 cane toads
  6 komodo dragons
  A yaktaur (shapeshifter) (D:14)
  2 rime drakes
  2 tengu conjurers (D:15)
  An unseen horror (D:12)
  A kobold demonologist (D:10)
  A freezing wraith (D:15)
  A wolf spider (shapeshifter) (D:13)
  Psyche (D:12)
  7 trolls
  A queen bee (shapeshifter) (D:13)
  A polar bear (Lair:3)
  A hornet (Lair:5)
  8 tarantellas
  Grinder (D:6)
  5 blink frogs (Lair:3)
  11 jumping spiders
  10 slime creatures
  4 wyverns
  6 culicivoras
  A shadow (D:10)
  Eustachio (D:6)
  29 yaks
  2 vampires
  7 hogs (D:14)
  5 basilisks
  A fire elemental (Lair:3)
  4 wraiths
  Grum (D:8)
  13 redbacks
  A steam dragon (D:8)
  2 swamp worms (Lair:3)
  13 vampire mosquitoes
  12 water moccasins
  5 ice beasts
  A hornet zombie (D:15)
  2 black bears (D:11)
  A laughing skull (D:9)
  18 orc warriors
  7 wolves
  A hog zombie (D:14)
  8 ogres
  12 centaurs
  A phantom (D:7)
  6 kobold brigands
  14 bullfrogs
  3 gnoll sergeants
  3 scorpions
  5 jellies
  6 wights
  A hornet simulacrum (D:15)
  11 killer bees
  2 howler monkeys
  2 electric eels
  2 hounds (D:6)
  3 bombardier beetles
  5 gnoll boudas (D:8)
  21 orc priests
  3 iguanas
  23 orc wizards
  5 hell rats (Lair:1)
  14 gnolls
  12 adders
  A shadow imp (D:6)
  2 white imps
  3 ufetubi
  3 ribbon worms
  5 dart slugs
  68 orcs
  3 endoplasms
  3 giant cockroaches
  9 hobgoblins
  3 jackals (D:1)
  2 quokkas
  6 ball pythons
  6 bats
  7 frilled lizards
  5 goblins
  19 kobolds
  5 rats
642 creatures vanquished.

Vanquished Creatures (collateral kills)
  Roxanne (D:14)
  A spectral human (D:14)
  Fannar (Lair:3)
  An entropy weaver (Spider:1)
  2 hydras
  A radroach (Spider:3)
  3 jorogumos (Spider:1)
  A tengu warrior (D:15)
  A merfolk avatar (Lair:5)
  The ghost of pisaster the Carver, a novice CoDe of Wu Jian (D:9)
  A boulder beetle (Spider:3)
  4 demonic crawlers
  Sonja (D:11)
  3 pharaoh ants (Spider:2)
  A sea snake (Lair:5)
  3 orb spiders
  A deep elf zephyrmancer (D:15)
  5 wolf spiders
  2 deep elf pyromancers
  An orc sorcerer (Orc:2)
  A cyclops (D:9)
  3 ugly things
  A manticore (D:9)
  A meliai (Spider:1)
  A kobold blastminer (Orc:2)
  A merfolk siren (Lair:3)
  A black mamba (Lair:4)
  A rime drake (Lair:5)
  2 cane toads
  2 komodo dragons
  A polar bear (Lair:5)
  A troll (Orc:2)
  3 blink frogs
  2 snapping turtles (Lair:5)
  4 tarantellas
  Prince Ribbit (Lair:3)
  A wind drake (Lair:5)
  14 jumping spiders
  2 wraiths (D:13)
  18 yaks
  4 culicivoras
  A warg (Orc:1)
  A basilisk (Lair:3)
  8 redbacks
  2 swamp worms (Lair:3)
  An acid dragon (D:12)
  2 water moccasins
  A black bear (D:11)
  7 orc warriors
  A laughing skull (D:9)
  A centaur (D:13)
  2 ogres
  A wolf (D:8)
  4 kobold brigands
  5 bullfrogs
  A scorpion (D:11)
  A wight (D:9)
  4 killer bees (D:11)
  A jelly (Lair:4)
  6 orc priests
  A sleepcap (D:8)
  8 orc wizards
  A gnoll (D:8)
  An orc zombie (D:11)
  19 orcs
  5 kobolds
185 creatures vanquished.

Vanquished Creatures (others)
  A storm dragon zombie (D:13)
  5 ugly thing zombies
  2 wolf spider zombies
  A shock serpent zombie (D:13)
  A dwarf zombie (Orc:2)
  7 centaur zombies
  3 orb spider zombies
  An unseen horror zombie (D:12)
  A redback zombie (Spider:3)
  A demonic crawler zombie (Spider:3)
  3 tarantella zombies
  2 jumping spider zombies
  2 culicivora zombies
  2 black mamba zombies
  2 slime creature zombies (D:9)
  2 two-headed ogre zombies
  An elf zombie (D:11)
  2 blink frog zombies (Lair:3)
  A manticore zombie (D:9)
  An octopode zombie (D:8)
  A hog zombie (D:14)
  A yaktaur zombie (D:14)
  A komodo dragon zombie (Lair:5)
  A wyvern zombie (Lair:1)
  2 water moccasin zombies
  4 troll zombies
  3 yak zombies (Lair:2)
  5 bullfrog zombies
  3 black bear zombies (D:11)
  4 killer bee zombies
  2 ogre zombies
  A steam dragon zombie (D:8)
  A jelly zombie (Lair:4)
  A spectral white imp (D:7)
  8 gnoll zombies
  A bombardier beetle zombie (D:7)
  3 kobold zombies (D:9)
  46 orc zombies
129 creatures vanquished.

Grand Total: 956 creatures vanquished

Notes
Turn   | Place    | Note
-------+----------+-------------------------------------------
     0 | D:1      | adelrune the Demonspawn Fighter began the quest for the
                  | Orb.
     0 | D:1      | Reached XP level 1. HP: 18/18 MP: 1/1
   182 | D:1      | Gained mutation: You are partially covered in sharp spines.
                  | [demonic ancestry]
   182 | D:1      | Reached XP level 2. HP: 24/24 MP: 2/2
   205 | D:1      | Found Aryc's Assorted Antiques.
   410 | D:1      | Gained mutation: You have a pair of small horns on your
                  | head. [demonic ancestry]
   410 | D:1      | Reached XP level 3. HP: 29/29 MP: 3/3
  1287 | D:3      | Gained mutation: Your movements are slightly less
                  | encumbered by armour. (ER -2) [demonic ancestry]
  1287 | D:3      | Reached XP level 4. HP: 31/35 MP: 4/4
  1314 | D:3      | Found a snail-covered altar of Cheibriados.
  1330 | D:3      | Reached skill level 1 in Throwing
  1612 | D:3      | Gained mutation: You have a pair of horns on your head.
                  | [demonic ancestry]
  1612 | D:3      | Reached XP level 5. HP: 9/42 MP: 5/5
  1838 | D:3      | Reached XP level 6. HP: 26/48 MP: 6/6
  2539 | D:3      | Found an iron altar of Okawaru.
  2539 | D:3      | Found a hazy altar of Hepliaklqana.
  2979 | D:4      | Gained mutation: Your movements are less encumbered by
                  | armour. (ER -4) [demonic ancestry]
  2979 | D:4      | Reached XP level 7. HP: 32/55 MP: 7/7
  3379 | D:5      | Entered Level 5 of the Dungeon
  3388 | D:5      | Reached skill level 5 in Axes
  3748 | D:5      | Found a stormy altar of Qazlal.
  4359 | D:5      | Gained mutation: You are strong-willed. (Will+) [potion of
                  | mutation]
  4359 | D:5      | Gained mutation: You are dopey. (Int -2) [potion of
                  | mutation]
  4359 | D:5      | Lost mutation: You are dopey. (Int -2) [potion of mutation]
  4361 | D:5      | HP: 2/55 [orc priest/divine providence (12)]
  4771 | D:5      | Found a runed translucent door.
  4772 | D:5      | Noticed Crazy Yiuf
  4861 | D:5      | Reached XP level 8. HP: 43/61 MP: 8/8
  4975 | D:5      | Found a blossoming altar of Fedhas.
  5423 | D:6      | Noticed Grinder
  5432 | D:6      | Killed Grinder
  5465 | D:6      | Noticed Jeremiah
  5524 | D:6      | Noticed Eustachio
  5541 | D:6      | Killed Eustachio
  6342 | D:6      | Killed Jeremiah
  6343 | D:6      | Reached XP level 9. HP: 23/65 MP: 9/9
  6715 | D:6      | Upgraded the game from 0.32-a0-699-g1ee5eff69a to
                  | 0.32-a0-705-g60f233581c
  6751 | D:7      | Reached skill level 10 in Axes
  6774 | D:7      | Found a staircase to the Ecumenical Temple.
  6782 | Temple   | Entered the Ecumenical Temple
  6790 | Temple   | Became a worshipper of Yredelemnul the Fallen
  7059 | D:7      | Reached skill level 1 in Evocations
  7787 | D:7      | Identified the +10 morningstar "Utzycues" {speed, Int+5}
  8141 | D:8      | Reached skill level 1 in Maces & Flails
  8328 | D:8      | Noticed Erica
  8334 | D:8      | Killed Erica
  8361 | D:8      | Reached * piety under Yredelemnul
  8538 | D:8      | Reached skill level 5 in Maces & Flails
  8554 | D:8      | Reached XP level 10. HP: 70/73 MP: 10/10
  8600 | D:8      | Your ally Erica died
  8990 | D:8      | Noticed Maurice
  8991 | D:8      | Maurice changed into Maurice the harpy
  8991 | D:8      | Noticed Maurice
  8997 | D:8      | Killed Maurice the harpy
  9085 | D:8      | Noticed Grum
  9106 | D:8      | Killed Grum
  9106 | D:8      | Reached ** piety under Yredelemnul
  9636 | D:9      | Identified the ring "Dyxang" {Will++ rCorr}
  9728 | D:9      | Noticed a manticore
  9793 | D:9      | Killed a manticore
 10035 | D:9      | Noticed a centaur warrior
 10040 | D:9      | Killed a centaur warrior
 10041 | D:9      | Reached skill level 1 in Invocations
 10041 | D:9      | Reached XP level 11. HP: 74/78 MP: 9/12
 10091 | D:9      | Reached skill level 2 in Invocations
 10214 | D:9      | Found an ornate altar of the Wu Jian Council.
 10322 | D:9      | Noticed a red ugly thing
 10326 | D:9      | Killed a red ugly thing
 10331 | D:9      | Reached skill level 3 in Invocations
 10338 | D:9      | Noticed a two-headed ogre
 10351 | D:9      | Killed a two-headed ogre
 10352 | D:9      | Reached skill level 5 in Fighting
 10352 | D:9      | Reached skill level 4 in Invocations
 10478 | D:9      | Reached skill level 10 in Maces & Flails
 10555 | D:9      | Noticed a red ugly thing
 10565 | D:9      | Killed a red ugly thing
 10678 | D:9      | Found a runed translucent door.
 10752 | D:9      | Reached skill level 5 in Invocations
 11208 | D:9      | Got Lotio's Papyrus of the Tundra
 11289 | D:9      | Found a runed translucent door.
 11360 | D:9      | Found a shimmering altar of Xom.
 11360 | D:9      | Noticed a +4 trident of chaos
 11360 | D:9      | Noticed pisaster's ghost (novice CoDe)
 11516 | D:9      | Killed a +4 trident of chaos
 11517 | D:9      | Reached skill level 5 in Shields
 11522 | D:9      | Killed pisaster's ghost
 11523 | D:9      | Reached skill level 6 in Invocations
 11647 | D:10     | Entered Level 10 of the Dungeon
 11701 | D:10     | Identified the +6 glaive of Evvy {flame, rElec Str-3 Int+2}
 11706 | D:10     | Reached *** piety under Yredelemnul
 11864 | D:10     | Noticed a boulder beetle
 11880 | D:10     | Killed a boulder beetle
 11881 | D:10     | Reached skill level 7 in Invocations
 12052 | D:10     | Identified the +4 ring mail "Ikiocw" {rElec Int+2}
 12313 | D:10     | Gained mutation: You are mostly covered in sharp spines.
                  | [demonic ancestry]
 12313 | D:10     | Reached XP level 12. HP: 88/88 MP: 17/17
 12393 | D:11     | Noticed Sonja
 12407 | D:11     | Reached skill level 8 in Invocations
 12411 | D:11     | Killed Sonja
 12420 | D:11     | Found a staircase to the Lair.
 12427 | D:11     | Reached skill level 5 in Armour
 12430 | D:11     | Reached **** piety under Yredelemnul
 12469 | D:11     | Noticed a centaur warrior
 12478 | D:11     | Killed a centaur warrior
 12479 | D:11     | Reached skill level 9 in Invocations
 12484 | D:11     | Found Guudweid's Antique Weapon Shoppe.
 12660 | D:11     | Noticed Lodul
 12662 | D:11     | Noticed a centaur warrior
 12673 | D:11     | Killed Lodul
 12693 | D:11     | Killed a centaur warrior
 12926 | D:11     | Reached skill level 10 in Invocations
 13397 | Lair:1   | Entered Level 1 of the Lair of Beasts
 14175 | Lair:2   | Reached skill level 11 in Invocations
 14175 | Lair:2   | Reached ***** piety under Yredelemnul
 14184 | Lair:2   | Reached XP level 13. HP: 64/97 MP: 15/21
 14330 | Lair:2   | Identified the +0 war axe "Vuugull" {heavy, rF- rC++}
 14710 | Lair:2   | Noticed Nergalle
 14721 | Lair:2   | Killed Nergalle
 14721 | Lair:2   | Bound Nergalle
 14865 | Lair:3   | Noticed Prince Ribbit
 14877 | Lair:3   | Killed Prince Ribbit
 14941 | Lair:3   | Noticed Fannar
 14949 | Lair:3   | Killed Fannar
 15058 | Lair:3   | Reached skill level 12 in Invocations
 15101 | Lair:3   | Found a staircase to the Shoals.
 15168 | Lair:3   | Found a hole to the Spider Nest.
 16362 | Lair:4   | Found a staircase to the Slime Pits.
 16363 | Lair:4   | Found a viscous altar of Jiyva.
 16502 | Lair:4   | Identified the blade talisman "Cuacs" {SInv}
 17585 | Lair:5   | Entered Level 5 of the Lair of Beasts
 17670 | Lair:5   | Identified the +4 rapier "Hyonink" {flame, rC+ rN++}
 17950 | Lair:5   | Reached XP level 14. HP: 104/108 MP: 21/23
 18409 | Lair:5   | Found the +5 scythe "Finisher" {speed, execute}
 18867 | D:12     | Noticed Frances
 19105 | D:12     | Killed Frances
 19218 | D:12     | Noticed Psyche
 19222 | D:12     | Killed Psyche
 19414 | D:12     | Found a staircase to the Orcish Mines.
 19629 | D:12     | Noticed Urug
 19643 | D:12     | Killed Urug
 20046 | Orc:1    | Entered Level 1 of the Orcish Mines
 20096 | Orc:1    | Found a roughly hewn altar of Beogh.
 20162 | Orc:1    | Reached ****** piety under Yredelemnul
 20283 | Orc:2    | Entered Level 2 of the Orcish Mines
 20285 | Orc:2    | Found a roughly hewn altar of Beogh.
 20296 | Orc:2    | Found Jaoduy's Armour Boutique.
 20311 | Orc:2    | Reached skill level 10 in Fighting
 20563 | Orc:2    | Noticed Jorgrun
 20571 | Orc:2    | Killed Jorgrun
 20654 | Orc:2    | Found a staircase to the Elven Halls.
 20692 | Orc:2    | HP: 2/103 [orc high priest/divine providence (10)]
 20722 | Orc:2    | Your ally Jorgrun died
 21004 | Orc:2    | Reached skill level 13 in Invocations
 21219 | Orc:2    | Found Xautsowk's Armour Emporium.
 21219 | Orc:2    | Found Melogam's Armour Boutique.
 21221 | Orc:2    | Found Xigg's Distillery.
 21221 | Orc:2    | Found Kuef's Weapon Boutique.
 21239 | Orc:2    | Bought 2 potions of heal wounds for 130 gold pieces
 21239 | Orc:2    | Bought a potion of cancellation for 104 gold pieces
 21239 | Orc:2    | Bought 2 potions of curing for 78 gold pieces
 21239 | Orc:2    | Bought a potion of heal wounds for 65 gold pieces
 21239 | Orc:2    | Bought a potion of resistance for 130 gold pieces
 21239 | Orc:2    | Bought 2 potions of curing for 78 gold pieces
 21636 | D:13     | Noticed a storm dragon
 21659 | D:13     | Killed a storm dragon
 21697 | D:13     | Identified the +7 flail of Qinaos Ceem {freeze, ^Drain Fly
                  | rCorr Int+3}
 21748 | D:13     | Identified the staff of Aluxzoym {rElec Dex+8 Stlth- Air
                  | Earth}
 21826 | D:13     | Noticed Rupert
 21844 | D:13     | Killed Rupert
 21844 | D:13     | Bound Rupert
 22005 | D:13     | Gained mutation: Your demonic aura sometimes causes spilled
                  | blood to erupt in flames. [demonic ancestry]
 22005 | D:13     | Reached XP level 15. HP: 117/117 MP: 24/24
 22012 | D:13     | Identified the +2 leather armour of Egimio {+Inv rPois
                  | Will- Str+5}
 22060 | D:13     | Noticed Josephine
 22083 | D:13     | Killed Josephine
 22675 | D:13     | Found a gate to the Vaults.
 23173 | D:14     | Noticed Kirke
 23187 | D:14     | Killed Kirke
 23187 | D:14     | Bound Kirke
 23639 | D:14     | Found Wuluteg's Armour Emporium.
 23727 | D:14     | Noticed Roxanne
 23755 | D:14     | Killed Roxanne
 23909 | D:14     | Your ally Kirke died
 24375 | D:15     | Entered Level 15 of the Dungeon
 24455 | D:15     | Reached skill level 10 in Armour
 24520 | D:15     | Found a staircase to the Depths.
 24591 | D:15     | Reached skill level 10 in Shields
 24709 | D:15     | Reached skill level 14 in Invocations
 24899 | D:15     | Found a radiant altar of Vehumet.
 25446 | Spider:1 | Entered Level 1 of the Spider Nest
 25973 | Spider:1 | Noticed Agnes
 25985 | Spider:1 | Killed Agnes
 26128 | Spider:1 | Reached XP level 16. HP: 107/124 MP: 26/26
 27682 | Spider:3 | Reached skill level 5 in Evocations
 27774 | Spider:3 | Reached skill level 15 in Invocations
 27779 | Spider:3 | Killed from afar by a spark wasp

Illustrated notes

Levels and vault maps discovered:
D:1:      dpeg_arrival_solitude, layout_basic, serial_shops, shop
D:2:      layout_loops_ring
D:3:      kennysheep_six_static_rooms, layout_loops_ring, slow_altar_1,
          gammafunk_temple_overflow_wave
D:4:      nicolae_BIG_FREAKIN_CUBE, layout_cave_pools,
          chequers_serial_rivers_small_b, amethyst_killhole, minivault_5
D:5:      layout_basic, fedhas_altar_decomposition,
          nicolae_qazlal_eye_of_the_storm, minmay_fractal_squares_5,
          uniq_crazy_yiuf_cottage
D:6:      layout_basic, serial_curves, eino_curves_03, eino_curves_03,
          uniq_grinder, uniq_eustachio, uniq_jeremiah
D:7:      minmay_general_purpose_star, layout_basic,
          minmay_temple_entry_glassed_door, minmay_misc_feat_secret_circle
D:8:      kennysheep_seaside_town, layout_basic, solitary_fountain,
          uniq_maurice, uniq_erica, uniq_grum
D:9:      minmay_the_grid_four_pointed_star
          [minmay_the_grid_triangle_9x9_sparse_checkered,
          minmay_the_grid_triangle_9x9_skeleton,
          minmay_the_grid_triangle_9x9_subtriangle,
          minmay_the_grid_triangle_9x9_wacky_v,
          minmay_the_grid_prize_four_corners], layout_cave_pods,
          pdpol_wu_jian_five_deadly_venoms, ebering_ghost_xom
D:10:     layout_gridville, mainiacjoe_overflow_alcove_4
D:11:     layout_loops_ring, due_lair_maze_entry_diamond, serial_shops, shop,
          lemuel_nasty_fountain, uniq_lodul, uniq_sonja
D:12:     layout_basic, uniq_frances, uniq_urug, uniq_psyche
D:13:     layout_gridville, david_vaults_4, minmay_diamond_spiral,
          uniq_josephine, uniq_rupert
D:14:     layout_loops_corners, chequers_avenue, serial_shops,
          nicolae_shop_statue_plus, uniq_roxanne, uniq_kirke
D:15:     grunt_enter_depths_magical_seal, layout_basic, old_standard_altar
Temple:   nicolae_temple_no_exploring_needed
Lair:1:   layout_gridlike
Lair:2:   layout_hall_layers, uniq_nergalle
Lair:3:   layout_gridlike, minmay_shoals_entry_lonely_mermaid,
          spider_nest_entry_web_field, worms_lemuel, grunt_megastairs_3,
          uniq_prince_ribbit2, uniq_fannar
Lair:4:   layout_loops_ring, minmay_slime_entry_pillars, serial_forest,
          infiniplex_forest_clump_double, infiniplex_forest_lined_ring,
          infiniplex_forest_straight_2, infiniplex_forest_clump_long,
          infiniplex_forest_straight_2, infiniplex_forest_straight_4,
          infiniplex_forest_join, infiniplex_staircase_pool
Lair:5:   gammafunk_lair_ancient_temple, layout_regular_city
Spider:1: nicolae_spider_hilbert_zone_4 [nicolae_spider_hilbert_4_sides_2_open,
          nicolae_spider_hilbert_4_sides_1_open,
          nicolae_spider_hilbert_4_sides_1_open,
          nicolae_spider_hilbert_4_sides_1_open,
          nicolae_spider_hilbert_4_sides_1_open,
          nicolae_spider_hilbert_2_sides_1_open,
          nicolae_spider_hilbert_2_sides_1_open,
          nicolae_spider_hilbert_2_sides_1_open,
          nicolae_spider_hilbert_2_sides_1_open,
          nicolae_spider_hilbert_6_sides_1_open,
          nicolae_spider_hilbert_6_sides_1_open,
          nicolae_spider_hilbert_3_sides_1_open,
          nicolae_spider_hilbert_3_sides_1_open], nicolae_spider_world_wide_web,
          uniq_agnes
Spider:2: layout_spider_delve, guppyfry_spider_mini_1
Spider:3: layout_spider_delve
Orc:1:    layout_diamond_mine, mines1_david
Orc:2:    grunt_orc_tribal_feast, layout_caves, serial_shops, shop,
          nicolae_orc_beogh_chapel, uniq_jorgrun

Skill      XL: |  1  2  3  4  5  6  7  8  9 10 11 12 13 14 15 16 |
---------------+-------------------------------------------------+-----
Axes           | 2 3 4 7 9 10 | 10.4
Armour         | 3 4 6 7 9 10 11 | 11.7
Shields        | 3 4 5 6 8 9 10 | 10.8
Throwing       | 1 2 |  2.3
Fighting       | 4 6 7 9 10 11 12 | 12.0
Evocations     | 4 5 |  5.1
Maces & Flails | 5 9 10 11 12 13 14 | 14.7
Invocations    | 1 7 11 12 13 14 15 | 15.0

Action                     |  1- 3 |  4- 6 |  7- 9 | 10-12 | 13-15 | 16-18 || total
---------------------------+-------+-------+-------+-------+-------+-------++-------
  Melee: War axe           |    78 |    94 |   215 |       |       |       ||   387
         Headbutt          |     6 |    14 |    58 |    85 |   208 |    39 ||   410
         Morningstar       |       |       |    57 |   432 |   853 |   173 ||  1515
  Throw: Boomerang         |     9 |    13 |    29 |       |     3 |       ||    54
         Dart              |       |       |       |       |     2 |       ||     2
 Invoke: Light the Black T |       |       |     2 |     5 |    10 |     2 ||    19
         Hurl Torchlight   |       |       |       |     5 |    16 |     4 ||    25
         Recall Undead Har |       |       |       |       |     7 |     1 ||     8
         Bind Soul         |       |       |       |       |     4 |       ||     4
  Evoke: Wand              |       |       |     1 |     1 |     8 |       ||    10
         Phial of floods   |       |       |       |       |     2 |       ||     2
    Use: Potion            |       |     1 |     4 |     2 |     3 |     1 ||    11
         Scroll            |       |       |       |       |    29 |     1 ||    30
   Stab: Paralysed         |       |       |     3 |       |       |       ||     3
         Distracted        |       |       |       |     5 |    14 |     2 ||    21
         Sleeping          |       |       |       |     1 |     2 |       ||     3
         Invisible         |       |       |       |       |     2 |       ||     2
 Armour: Scale mail        |    48 |    51 |    28 |       |       |       ||   127
         Chain mail        |       |       |   142 |   144 |       |       ||   286
         Plate armour      |       |       |       |    18 |    44 |       ||    62
         Ring mail         |       |       |       |   134 |   233 |       ||   367
         Crystal plate arm |       |       |       |       |   170 |   140 ||   310
  Dodge: Dodged            |    25 |    34 |    71 |   140 |   176 |    30 ||   476
  Block: Buckler           |    11 |    18 |     7 |    94 |   263 |   100 ||   493
         Kite shield       |       |     1 |    92 |       |       |       ||    93
         Reflection        |       |       |       |       |     9 |       ||     9

Table legend: (Time is in decaauts)
 A = Elapsed time spent in this place.
 B = Non-inter-level travel time spent in this place.
 C = Inter-level travel time spent in this place.
 D = Time resting spent in this place.
 E = Time spent auto-exploring this place.
 F = Levels seen in this place.
 G = Mean time per level.
                   A        B        C        D        E       F      G
               +--------+--------+--------+--------+--------+-----+--------+
         Total |  27361 |  26216 |   1145 |   6434 |  14073 |  26 | 1052.3 |
       Dungeon |  18220 |  17449 |    771 |   4047 |  10031 |  15 | 1214.7 |
        Temple |     16 |      2 |     14 |      0 |      0 |   1 |   16.0 |
          Lair |   5409 |   5209 |    200 |   1289 |   2884 |   5 | 1081.8 |
   Spider Nest |   2206 |   2138 |     68 |    693 |    826 |   3 |  735.3 |
  Orcish Mines |   1507 |   1416 |     91 |    405 |    331 |   2 |  753.5 |
               +--------+--------+--------+--------+--------+-----+--------+

Top non-repeatable levels by time:
     D:5: 2259 daAuts
     D:9: 2179 daAuts
  Lair:4: 1658 daAuts
    D:14: 1502 daAuts
Spider:1: 1458 daAuts
     D:3: 1330 daAuts
     D:8: 1324 daAuts
     D:7: 1320 daAuts
    D:12: 1195 daAuts
     D:6: 1161 daAuts
  Lair:5: 1154 daAuts
    D:13: 1153 daAuts
  Lair:3: 1111 daAuts
    D:11: 1079 daAuts
   Orc:2: 977 daAuts
